AoeStats
← Lord_of_Larshof

Arabia

510828888Analyzed
1v1 RM · 18h ago on Oct 2, 2026· 18m 20s· 2 players
Game mode
Random Map
Map size
Tiny (2 player)
Population
200
Speed
Normal
Resources
Standard
Victory
Conquest
Starting age
Dark Age
Ending age
Imperial Age
RankedLock teamsTeams togetherTeam positionsShared explorationLock speedFull tech treeHidden civsTurbo modeCheats
Victory
Defeat
🇩🇪 Goths · Germany
855
+43
861
-16
Lord_of_Larshof
3:48 Loom
10:36 Feudal Age
11:17 Double-Bit Axe
11:17 Horse Collar
12:11 Man-at-Arms
[MIAAU] Gatúbelo Palestinian
7:07 Loom
9:01 Loom
13:27 Feudal Age
14:33 Horse Collar
16:00 Man-at-Arms
Connection lost

Rejoining the realm…

Still unreachable

The connection could not be restored.

Session expired

The server has moved on; the page needs a fresh start.